[Event "ICC Open 2015"]
[Site "Internet Chess Club"]
[Date "2015.05.29"]
[Round "3"]
[White "Jack-Daniels"]
[Black "depressnyak"]
[Result "1/2-1/2"]
[ICCResult "Game drawn by mutual agreement"]
[WhiteElo "2817"]
[BlackElo "3301"]
[Opening "King's Indian: 5.Nf3"]
[ECO "E90"]
[NIC "KI.20"]
[Time "14:26:24"]
[TimeControl "180+0"]

1. d4 Nf6 2. c4 g6 3. Nc3 Bg7 4. e4 d6 5. Nf3 O-O 6. h3 e5 7. d5 Nh5 8. Be3
f5 9. exf5 gxf5 10. g3 Qe8 11. Be2 f4 12. gxf4 Nxf4 13. Qd2 Na6 14. O-O-O
Bf5 15. Bxf4 exf4 16. Bd3 Bxd3 17. Qxd3 Nc5 18. Qc2 Qh5 19. Nd4 Rae8 20.
Rhg1 Kh8 21. Kb1 f3 22. Rxg7 Kxg7 23. b4 Nd7 24. Ne6+ Kh8 25. Nxc7 Rc8 26.
Ne6 Rxc4 27. Nxf8 Nxf8 28. Qb3 Rc8 29. Nb5 Qg6+ 30. Qd3 Qf6 31. Nd4 Ng6 32.
Qf5 Rf8 33. Qxf6+ Rxf6 34. Rc1 Ne5 35. Ne6 h6 36. Rc7 Rg6 37. Rxb7 Rg2 38.
Rb8+ Kh7 39. Rb7+ Kg6 40. Nf4+ Kf6 41. Nh5+ Kf5 42. Rxa7 Rxf2 43. b5 Rg2 44.
Ra8 f2 45. Rf8+ Kg5 46. Ng3 Rxg3 47. Rxf2 Nc4 48. a4 Ra3 49. Ra2 Rd3 50. Kc2
Rxd5 51. Kc3 Nb6 52. a5 Rxb5 53. axb6 Rxb6 54. Kd4 Kh4 55. Ra3 Rb4+ 56. Kd5
Rb5+ 57. Kxd6 Rg5 58. Ke6 h5 59. Kf6 Rg3 60. Rxg3 Kxg3 61. Kf5 Kxh3 62. Kf4
Kg2 {Game drawn by mutual agreement} 1/2-1/2

[Event "ICC Open 2015"]
[Site "Internet Chess Club"]
[Date "2015.05.29"]
[Round "3"]
[White "HaraldEskilstu"]
[Black "Womacka"]
[Result "0-1"]
[ICCResult "White forfeits on time"]
[WhiteElo "2007"]
[BlackElo "2405"]
[Opening "Sicilian: closed, 2...Nc6"]
[ECO "B23"]
[NIC "SI.44"]
[Time "14:26:21"]
[TimeControl "180+0"]

1. e4 c5 2. Nc3 Nc6 3. Bb5 Nd4 4. Nf3 Nxb5 5. Nxb5 d6 6. Nc3 Nf6 7. d4 cxd4
8. Qxd4 e5 9. Qd3 h6 10. Nd2 Be6 11. Nc4 d5 12. exd5 Nxd5 13. Nxd5 Qxd5 14.
Qxd5 Bxd5 15. Ne3 Be6 16. Bd2 Bc5 17. O-O-O f6 18. f3 Kf7 19. Rhe1 h5 20. b3
h4 21. h3 Rhd8 22. Bc3 Rxd1+ 23. Nxd1 g5 24. Ne3 Rd8 25. Ng4 Kg6 26. a4 b6
27. Kb2 a6 28. Re2 b5 29. axb5 axb5 30. b4 Bb6 31. Rd2 Rxd2 32. Bxd2 Bc4 33.
Be3 Bd4+ 34. Bxd4 exd4 35. c3 Bf1 36. cxd4 Bxg2 37. Kc3 Bxh3 38. Nf2 Bg2 39.
d5 Kf5 40. Kd4 h3 41. Kc5 Bxf3 42. Nxh3 g4 43. Ng1 Be4 44. d6 Ke6 45. Kxb5
f5 46. Kc4 Kxd6 47. Kd4 Bc6 48. Ne2 Bf3 49. Ng1 Bd1 50. Ke3 Ke5 51. b5 Ba4
52. b6 f4+ 53. Kf2 Bc6 54. Ne2 Kf5 55. Nd4+ Ke4 56. Nxc6 Kd5 57. Ne7+ Kc5
58. Ng6 g3+ {White forfeits on time} 0-1

[Event "ICC Open 2015"]
[Site "Internet Chess Club"]
[Date "2015.05.29"]
[Round "3"]
[White "Pkopsa"]
[Black "jewels2"]
[Result "0-1"]
[ICCResult "White forfeits on time"]
[WhiteElo "1590"]
[BlackElo "1254"]
[Opening "Queen's bishop game"]
[ECO "D02"]
[NIC "QP.06"]
[Time "14:26:33"]
[TimeControl "180+0"]

1. d4 Nf6 2. Nf3 d5 3. Bf4 e6 4. e3 Bd6 5. Bg3 O-O 6. Bd3 Ne4 7. c4 f5 8. c5
Nxg3 9. hxg3 Be7 10. g4 Nc6 11. gxf5 exf5 12. Nbd2 Nb4 13. Bb1 Qe8 14. a3
Nc6 15. g4 g6 16. gxf5 Bxf5 17. Bxf5 Rxf5 18. Qb3 Rd8 19. Qxb7 Na5 20. Qxc7
Nc6 21. Qh2 Qf7 22. Qg2 Bf6 23. O-O-O Na5 24. b4 Nc4 25. Nxc4 dxc4 26. Kb2
c3+ 27. Kxc3 Bg7 28. Ne5 Bxe5 29. dxe5 Rxf2 30. Rxd8+ Kg7
{White forfeits on time}
0-1

[Event "ICC Open 2015"]
[Site "Internet Chess Club"]
[Date "2015.05.29"]
[Round "3"]
[White "JUGGERNOT"]
[Black "lemanofzorn"]
[Result "1-0"]
[ICCResult "Black forfeits on time"]
[WhiteElo "1866"]
[BlackElo "1515"]
[Opening "Bird's opening"]
[ECO "A03"]
[NIC "VO.07"]
[Time "14:26:41"]
[TimeControl "180+0"]

1. f4 d5 2. Nf3 Nf6 3. e3 Bg4 4. Be2 e6 5. O-O Bc5 6. h3 Bh5 7. Nc3 d4 8.
exd4 Bxf3 9. Bxf3 Bxd4+ 10. Kh1 c6 11. Ne2 Bb6 12. c3 O-O 13. d4 Nd5 14. a3
Bc7 15. c4 Nf6 16. Be3 Nbd7 17. Qd2 c5 18. d5 exd5 19. cxd5 Bb6 20. Rad1 c4
21. Bxb6 Nxb6 22. d6 Qd7 23. g4 h6 24. Bg2 Nxg4 25. hxg4 Qxg4 26. Bf3 Qh3+
27. Kg1 Rfe8 28. Bg2 Qg4 29. Rf2 Rad8 30. Nc3 Rxd6 31. Qxd6 Re3 32. Rdf1 Rd3
33. Qb8+ Kh7 34. Qxb7 Rg3 35. Qxa7 Rxg2+ 36. Rxg2 Qe6 37. Qb7 Qe3+ 38. Rff2
Qe1+ 39. Kh2 Qe3 40. Qxf7 {Black forfeits on time} 1-0

[Event "ICC Open 2015"]
[Site "Internet Chess Club"]
[Date "2015.05.29"]
[Round "3"]
[White "EREBUNI"]
[Black "Dictator"]
[Result "1-0"]
[ICCResult "Black resigns"]
[WhiteElo "3037"]
[BlackElo "2604"]
[Opening "Ruy Lopez: Exchange variation doubly deferred (DERLD)"]
[ECO "C85"]
[NIC "RL.14"]
[Time "14:26:10"]
[TimeControl "180+0"]

1. e4 e5 2. Nf3 Nc6 3. Bb5 a6 4. Ba4 Nf6 5. O-O Be7 6. Bxc6 dxc6 7. d3 Nd7
8. Nbd2 O-O 9. Nc4 Bd6 10. b3 c5 11. a4 b6 12. Bb2 Re8 13. Qd2 f6 14. Nh4
Nf8 15. Nf5 Ng6 16. Qe3 Be6 17. Qg3 Bxf5 18. exf5 Ne7 19. Qf3 Qd7 20. Ne3
Nc6 21. Qd5+ Kh8 22. Rae1 Nd4 23. Qe4 b5 24. Ra1 Rab8 25. axb5 axb5 26. Ra2
Qc6 27. f3 Qxe4 28. fxe4 c4 29. bxc4 Bc5 30. Kh1 bxc4 31. Nxc4 Nxc2 32. Bc3
Ne3 33. Nxe3 Bxe3 34. Re2 Bd4 35. Bxd4 exd4 36. Rc2 Rb3 37. Rd1 Reb8 38. Kg1
Rc3 39. Rxc3 dxc3 40. Rc1 Rb3 41. Kf2 Rb2+ 42. Ke3 Rxg2 43. Rxc3 Rxh2 44.
Rxc7 h5 45. d4 h4 46. d5 h3 47. Kf3 Rg2 48. Rc1 Kg8 49. Rh1 Rd2 50. Rxh3 Kf7
51. Kf4 Rd4 52. Re3 Rd1 53. Kf3 Rf1+ 54. Ke2 Rb1 55. Rd3 Rb2+ 56. Ke3 Ke7
57. Rd2 Rb3+ 58. Rd3 Rb4 59. Kf4 Kd6 60. Rg3 Rb7 61. Rc3 Ra7 62. Rc6+ Kd7
63. Re6 Ra1 64. Rb6 Rf1+ 65. Ke3 Re1+ 66. Kd4 Ra1 67. Rb7+ Kd6 68. Rxg7 Ra4+
69. Ke3 Ra3+ 70. Kf4 Ra1 71. Rf7 Rf1+ 72. Ke3 Kc5 73. Rxf6 Re1+ 74. Kf4 Rf1+
75. Ke5 Re1 76. Re6 Rd1 77. f6 Rd4 78. Rc6+ Kb5 79. Kxd4 Ka5 80. f7
{Black resigns}
1-0

[Event "ICC Open 2015"]
[Site "Internet Chess Club"]
[Date "2015.05.29"]
[Round "3"]
[White "ural"]
[Black "MoonlightWizard"]
[Result "1-0"]
[ICCResult "Black resigns"]
[WhiteElo "2505"]
[BlackElo "3009"]
[Opening "French: Chigorin variation"]
[ECO "C00"]
[NIC "FR.01"]
[Time "14:26:49"]
[TimeControl "180+0"]

1. e4 e6 2. Qe2 d5 3. exd5 Qxd5 4. Nc3 Qd8 5. Nf3 Nc6 6. d4 Bb4 7. Qc4 Nf6
8. Bg5 O-O 9. O-O-O Bxc3 10. Qxc3 Ne4 11. Qe3 Nxg5 12. Qxg5 Qxg5+ 13. Nxg5
Ne7 14. Bc4 b6 15. Bd3 Bb7 16. Bxh7+ Kh8 17. Be4 Bxe4 18. Nxe4 Rad8 19. c3
Kh7 20. Rhe1 Kg6 21. Re3 Nf5 22. Rf3 Rh8 23. h3 Rh4 24. Ng3 Nd6 25. Ne2 Kh7
26. Rf4 Rh5 27. Ng3 Ra5 28. a3 Kg8 29. h4 Nc4 30. Re4 Rb5 31. Re2 a5 32. Nf1
a4 33. Ne3 Na5 34. g3 Kf8 35. f4 Rh5 36. Rh1 c5 37. dxc5 Rxc5 38. Kc2 Rc7
39. Rd1 Rxd1 40. Nxd1 Nb3 41. Re3 Ke7 42. Rd3 Nc5 43. Rd4 Kf6 44. Ne3 b5 45.
Ng4+ Kf5 46. Ne3+ Kf6 47. h5 Ke7 48. g4 Nd7 49. Kd2 Nf6 50. Ke2 Rc5 51. Kf3
Nh7 52. c4 e5 53. fxe5 Ng5+ 54. Kg3 Rxe5 55. Nd5+ Kf8 56. cxb5 Ne6 57. Rd3
Re2 58. Nf4 Nxf4 59. Kxf4 Rxb2 60. Rd4 Rxb5 61. Rxa4 f6 62. Rb4 Ra5 63. a4
Kg8 64. Ke4 Kh7 65. Kd3 Kh6 66. Kc3 Ra8 67. Rc4 Kg5 68. Kb4 Rb8+ 69. Ka3 Rb1
70. a5 f5 71. gxf5 Kxh5 72. Ra4 Kg5 73. a6 Rb3+ 74. Kxb3 {Black resigns} 1-0

[Event "ICC Open 2015"]
[Site "Internet Chess Club"]
[Date "2015.05.29"]
[Round "3"]
[White "kingest1912"]
[Black "BlueJ"]
[Result "1-0"]
[ICCResult "Black forfeits on time"]
[WhiteElo "1875"]
[BlackElo "2244"]
[Opening "Ruy Lopez: Berlin defense"]
[ECO "C65"]
[NIC "RL.07"]
[Time "14:26:40"]
[TimeControl "180+0"]

1. e4 e5 2. Nf3 Nc6 3. Bb5 Nf6 4. d3 Bc5 5. O-O Nd4 6. Nxd4 Bxd4 7. c3 Bb6
8. d4 c6 9. dxe5 Nxe4 10. Bd3 d5 11. exd6 Nxd6 12. Qe2+ Be6 13. Bf4 O-O 14.
Nd2 Re8 15. Qf3 Nf5 16. Rad1 Qf6 17. Ne4 Qg6 18. Ng3 Nh4 19. Qe2 Qg4 20.
Qxg4 Bxg4 21. Rd2 h6 22. h3 Be6 23. Rfd1 Bxa2 24. Bc2 Bd5 25. Nf5 Nxg2 26.
Rxd5 cxd5 27. Kxg2 Re2 28. Rd2 Rae8 29. Bd3 Rxd2 30. Bxd2 Re5 31. Nd4 g6 32.
f4 Re8 33. Kf3 Kg7 34. Bc2 a5 35. Bb3 Rd8 36. Nb5 Kf6 37. c4 dxc4 38. Bc3+
Ke7 39. Bxc4 Rc8 40. Bb3 Rc5 41. Nd4 Rc8 42. Nb5 Rc5 43. Nd4 Rc8 44. Nf5+
gxf5 45. Bf6+ {Black forfeits on time} 1-0

[Event "ICC Open 2015"]
[Site "Internet Chess Club"]
[Date "2015.05.29"]
[Round "3"]
[White "Cinzento"]
[Black "SirHarmony"]
[Result "1-0"]
[ICCResult "Black forfeits on time"]
[WhiteElo "1693"]
[BlackElo "1460"]
[Opening "QP counter-gambit (elephant gambit)"]
[ECO "C40"]
[NIC "KP.10"]
[Time "14:26:42"]
[TimeControl "180+0"]

1. e4 e5 2. Nf3 d5 3. exd5 e4 4. Qe2 Nf6 5. d3 Be7 6. dxe4 O-O 7. Nc3 Re8 8.
Be3 Bb4 9. Qc4 Rxe4 10. Qd3 Bf5 11. Nd4 Bg6 12. Qd2 Nxd5 13. Bd3 Re8 14.
Bxg6 hxg6 15. O-O Nxe3 16. fxe3 Bxc3 17. Qxc3 Qe7 18. Rae1 Nd7 19. Qxc7 Rac8
20. Qxb7 Rb8 21. Qxa7 Rxb2 22. Qc7 Qd8 23. Qf4 Nf6 24. Nf3 Rxc2 25. Ng5 Qc7
26. Qh4 Qb7 27. Rf2 Rxf2 28. Qxf2 Qd5 29. Nf3 Ne4 30. Qe2 Rd8 31. Rc1 Qd3
32. Qxd3 Rxd3 33. Ra1 f6 34. a4 Rxe3 35. a5 Nc5 36. a6 Re8 37. a7 Ra8 38.
Nd4 Nb3 39. Ra3 Nxd4 40. Kf2 Nc6 41. Ra6 Nxa7 42. Ke3 Kf7 43. Kf4 Ke7 44.
Kf3 {Black forfeits on time} 1-0

[Event "ICC Open 2015"]
[Site "Internet Chess Club"]
[Date "2015.05.29"]
[Round "3"]
[White "motipen"]
[Black "Chisel"]
[Result "1-0"]
[ICCResult "Black checkmated"]
[WhiteElo "1919"]
[BlackElo "1704"]
[Opening "Queen's pawn: Charlick (Englund) gambit"]
[ECO "A40"]
[NIC "QO.17"]
[Time "14:26:51"]
[TimeControl "180+0"]

1. d4 e5 2. dxe5 d6 3. exd6 Bxd6 4. Nf3 Nc6 5. g3 Nf6 6. Bg2 O-O 7. O-O Bg4
8. Nbd2 Qe7 9. c3 Rad8 10. Re1 Ne5 11. Nxe5 Qxe5 12. Nc4 Qh5 13. Nxd6 Rxd6
14. Qc2 Rfd8 15. Bf4 R6d7 16. Bxb7 Bh3 17. Rad1 Nd5 18. Bc1 Be6 19. e4 Qg6
20. Qe2 Bg4 21. f3 Qb6+ 22. Be3 Qxb7 23. exd5 Bh5 24. g4 Bg6 25. c4 c6 26.
Bg5 f6 27. Be3 cxd5 28. c5 Qc6 29. Bd4 h5 30. b4 hxg4 31. b5 Qc7 32. fxg4
Qf4 33. c6 Rc7 34. a4 Be4 35. Rf1 Qg5 36. a5 f5 37. Rc1 fxg4 38. b6 Rf7 39.
Rxf7 Qxc1+ 40. Rf1 Qxc6 41. bxa7 g3 42. hxg3 Qh6 43. Qh2 Qd2 44. Qxd2 Bh1
45. Qg5 Ra8 46. Qxg7# {Black checkmated} 1-0

[Event "ICC Open 2015"]
[Site "Internet Chess Club"]
[Date "2015.05.29"]
[Round "3"]
[White "Babaliyev"]
[Black "QuintilianoR"]
[Result "1-0"]
[ICCResult "Black checkmated"]
[WhiteElo "1934"]
[BlackElo "2331"]
[Opening "QGD: semi-Slav, Noteboom variation"]
[ECO "D02"]
[NIC "QP.08"]
[Time "14:26:28"]
[TimeControl "180+0"]

1. d4 d5 2. Nf3 e6 3. c4 c6 4. Nc3 dxc4 5. a4 Bb4 6. Bg5 Nf6 7. Bxf6 Qxf6 8.
e3 b5 9. axb5 cxb5 10. Be2 Bb7 11. O-O a6 12. Ne5 O-O 13. f4 Qe7 14. Bf3 f6
15. Bxb7 Qxb7 16. Qf3 Qxf3 17. Nxf3 Bxc3 18. bxc3 Nd7 19. Ra5 Nb6 20. e4 Na4
21. Rc1 Rfd8 22. Kf2 h6 23. h4 h5 24. Ke3 Kf7 25. Rc2 Ra7 26. Ne1 Nb6 27.
Rca2 Rda8 28. Nc2 f5 29. Nb4 fxe4 30. Kxe4 Na4 31. Ra3 Rc8 32. Rxa6 Rxa6 33.
Nxa6 Ra8 34. Nb4 Nc5+ 35. dxc5 Rxa3 36. Kd4 Rb3 37. g3 Rb2 38. c6 Ke7 39.
Kc5 Rb3 40. Kb6 Kd8 41. Kb7 Rxb4 42. cxb4 Ke7 43. c7 Kf6 44. c8=Q Kf5 45.
Qc5+ Kg4 46. Qg5+ Kh3 47. Qxg7 Kh2 48. Qe5 Kxg3 49. Qxe6 Kxf4 50. Qf6+ Kg4
51. Qe5 Kxh4 52. Qxb5 c3 53. Qc5 Kg3 54. Qxc3+ Kg4 55. b5 h4 56. b6 h3 57.
Qxh3+ Kxh3 58. Ka7 Kg4 59. b7 Kf4 60. b8=Q+ Ke4 61. Qd8 Ke3 62. Kb7 Ke4 63.
Kc6 Ke5 64. Kc5 Kf4 65. Qd5 Ke3 66. Kc4 Kf2 67. Qe5 Kf3 68. Kd4 Kg4 69. Qf6
Kh5 70. Ke4 Kg4 71. Qg6+ Kh4 72. Kf4 Kh3 73. Qg3# {Black checkmated} 1-0

[Event "ICC Open 2015"]
[Site "Internet Chess Club"]
[Date "2015.05.29"]
[Round "3"]
[White "nadalthegreat"]
[Black "RdgMx"]
[Result "1/2-1/2"]
[ICCResult "Game drawn by repetition"]
[WhiteElo "1529"]
[BlackElo "1849"]
[Opening "French: Tarrasch, closed variation"]
[ECO "C05"]
[NIC "FR.16"]
[Time "14:26:46"]
[TimeControl "180+0"]

1. e4 e6 2. d4 d5 3. Nd2 Nf6 4. e5 Nfd7 5. Ngf3 a6 6. c4 c5 7. cxd5 exd5 8.
Bd3 c4 9. Bc2 Nc6 10. O-O Be7 11. Re1 O-O 12. Nf1 Re8 13. Ng3 Nf8 14. Bd2
Bg4 15. h3 Bxf3 16. Qxf3 Nxd4 17. Qc3 Nxc2 18. Qxc2 Ne6 19. Nf5 Bg5 20. Nd6
Bxd2 21. Qxd2 Re7 22. Qxd5 b5 23. Qf3 Nc5 24. Rad1 Nd3 25. Re2 Rb8 26. b3
Qc7 27. bxc4 bxc4 28. Nxc4 Qxc4 29. Qxd3 Qe6 30. Qd5 Qb6 31. Qd6 Qxd6 32.
Rxd6 g6 33. e6 f5 34. Rc2 a5 35. Rcd2 Rbe8 36. Re2 Kg7 37. Ra6 Kf6 38. Rxa5
Rxe6 39. Rxe6+ Rxe6 40. Kf1 Rb6 41. Ke2 h6 42. Kf3 g5 43. Ra3 Rd6 44. Rb3
Rd2 45. a4 Ra2 46. Rb4 h5 47. g3 g4+ 48. hxg4 hxg4+ 49. Kg2 Kg5 50. Rf4 Ra3
51. Rb4 Kf6 52. Rf4 Ke5 53. Kg1 Ra1+ 54. Kg2 Ra2 55. Kg1 Kd5 56. Kg2 Ke5 57.
Kg1 Kf6 58. Kg2 Kg5 59. Kg1 Ra1+ 60. Kg2 Kg6 61. Rb4 Kf6 62. Rf4 Ke5 63. Rb4
Kd5 64. Rf4 Ke6 65. Rb4 Ra3 66. Rf4 Kf6 67. Rb4 Kg5 68. Rf4 Ra2 69. Rb4 Kg6
70. Rf4 Ra3 71. Kg1 Ra2 72. Kg2 Ra3 73. Kg1 Ra2 74. Kg2
{Game drawn by repetition}
1/2-1/2

[Event "ICC Open 2015"]
[Site "Internet Chess Club"]
[Date "2015.05.29"]
[Round "3"]
[White "Mardaker"]
[Black "Vladimirovich"]
[Result "0-1"]
[ICCResult "White checkmated"]
[WhiteElo "2742"]
[BlackElo "3282"]
[Opening "Réti opening"]
[ECO "A04"]
[NIC "QP.10"]
[Time "14:26:32"]
[TimeControl "180+0"]

1. Nf3 c5 2. g3 Nc6 3. Bg2 g6 4. O-O Bg7 5. c3 e5 6. d4 cxd4 7. cxd4 exd4 8.
Na3 Nge7 9. Nb5 O-O 10. Nfxd4 a6 11. Nxc6 dxc6 12. Nd6 Nf5 13. Nxc8 Rxc8 14.
e3 Qb6 15. Qc2 Rfd8 16. Rb1 Qb5 17. Rd1 Ne7 18. Bd2 Qd3 19. Qxd3 Rxd3 20.
Ba5 Rxd1+ 21. Rxd1 Bxb2 22. Rd7 Bf6 23. Rxb7 c5 24. Bh3 Rc6 25. Bg2 Rc8 26.
Bh3 Rc6 27. e4 Kf8 28. Bc7 Bd4 29. e5 Nf5 30. g4 Nh4 31. Kf1 c4 32. Bd8 c3
33. Bxh4 c2 34. Bg5 c1=Q+ 35. Bxc1 Rxc1+ 36. Kg2 Rc2 37. e6 Rxf2+ 38. Kg3
fxe6 39. Rxh7 Rxa2 40. g5 Be5+ 41. Kf3 Rxh2 42. Kg4 Bg7 43. Rh4 a5 44. Kg3
Be5+ 45. Kg4 a4 46. Rh7 Bg7 47. Kg3 Rh1 48. Kg2 Re1 49. Kf2 Re5 50. Rh4 Ra5
51. Rf4+ Ke7 52. Rb4 a3 53. Rb7+ Kd6 54. Rb6+ Kc5 55. Rb1 a2 56. Rc1+ Kb4
57. Bxe6 a1=Q 58. Rxa1 Bxa1 59. Bf7 Rxg5 60. Be6 Re5 61. Bd7 Bd4+ 62. Kf3
Kc5 63. Kf4 Kd6 64. Bc8 g5+ 65. Kg4 Ke7 66. Kh5 Kf6 67. Bg4 Re4 68. Kh6 Rxg4
69. Kh7 Rh4+ 70. Kg8 Kg6 71. Kf8 Re4 72. Kg8 Re8# {White checkmated} 0-1

[Event "ICC Open 2015"]
[Site "Internet Chess Club"]
[Date "2015.05.29"]
[Round "3"]
[White "moonriver"]
[Black "reydelmambo"]
[Result "1-0"]
[ICCResult "Black forfeits on time"]
[WhiteElo "1456"]
[BlackElo "1985"]
[Opening "Queen's bishop game"]
[ECO "D02"]
[NIC "QP.08"]
[Time "14:26:14"]
[TimeControl "180+0"]

1. d4 d5 2. Nf3 Nf6 3. Bf4 c5 4. Nbd2 cxd4 5. Nxd4 Nc6 6. e3 e6 7. Bb5 Bd7
8. O-O a6 9. Bxc6 bxc6 10. N2f3 c5 11. Ne2 Be7 12. b3 O-O 13. c4 Bc6 14. Ne5
Bb7 15. Re1 Nh5 16. Bg3 Nxg3 17. Nxg3 Bf6 18. f4 d4 19. exd4 cxd4 20. Qd3
Qd6 21. Ne4 Bxe4 22. Qxe4 Rfd8 23. Rad1 Rac8 24. Rd3 g6 25. Red1 Be7 26.
Rxd4 Qb6 27. Kf1 Rxd4 28. Rxd4 Rd8 29. Rxd8+ Qxd8 30. Qe3 Qd1+ 31. Qe1 Qh5
32. h3 Bc5 33. Nf3 Qf5 34. Qd2 Bb6 35. Nd4 Qe4 36. Ne2 Be3 37. Qd8+ Kg7 38.
Qd1 Bxf4 39. Nxf4 Qxf4+ 40. Kg1 Qg3 41. Qd4+ Kh6 42. Qd2+ Kg7 43. Qd4+ e5
44. Qd2 Qh4 45. Qe2 e4 46. Kh2 Qf4+ 47. g3 Qe5 48. Kg2 e3 49. Kf3 f5 50.
Qxe3 Qxe3+ 51. Kxe3 Kf6 52. h4 Ke5 53. b4 h6 54. c5 g5 55. hxg5 hxg5 56. Kf3
f4 57. gxf4+ gxf4 58. a3 Kd5 59. Kf2 Kc6 60. Kf3 Kb5 61. Kxf4 Ka4 62. Ke5
{Black forfeits on time}
1-0

[Event "ICC Open 2015"]
[Site "Internet Chess Club"]
[Date "2015.05.29"]
[Round "3"]
[White "M80"]
[Black "balaji98"]
[Result "1-0"]
[ICCResult "Black forfeits on time"]
[WhiteElo "2551"]
[BlackElo "2251"]
[Opening "Budapest: Rubinstein variation"]
[ECO "A52"]
[NIC "QG.01"]
[Time "14:26:59"]
[TimeControl "180+0"]

1. d4 Nf6 2. c4 e5 3. dxe5 Ng4 4. Bf4 Bb4+ 5. Nd2 Nc6 6. Nf3 Qe7 7. a3 Bxd2+
8. Qxd2 Ngxe5 9. Nxe5 Nxe5 10. e3 O-O 11. Be2 d6 12. O-O Ng6 13. Bg3 Be6 14.
b4 Rad8 15. Qc3 c6 16. c5 dxc5 17. bxc5 Rfe8 18. Bd6 Qg5 19. f4 Qd5 20. Rad1
Qe4 21. Rd4 Qf5 22. Bd3 Qf6 23. f5 Bd5 24. fxg6 Qg5 25. gxh7+ Kh8 26. e4
Qe3+ 27. Kh1 Bxe4 28. Re1 Bxg2+ 29. Kxg2 Qxe1 30. Qxe1 Rxe1 31. Rf4 f6 32.
h4 Rd1 33. Bg6 b6 34. h5 bxc5 35. Bxc5 R8d2+ 36. Bf2 Rd5 37. Re4 Rd8 38. Re7
a5 39. Bh4 R1d2+ 40. Kf3 R2d3+ 41. Bxd3 Rxd3+ 42. Ke4 Rxa3 43. Kf5 Kxh7 44.
Rc7 Rc3 45. Ra7 Rc5+ 46. Kg4 Kh6 47. Bg3 Rc4+ 48. Bf4+ g5 49. hxg6+ Kxg6 50.
Rxa5 c5 51. Ra6 Rd4 52. Kf3 c4 53. Be5 Rd3+ 54. Ke4 Kg5 55. Bxf6+
{Black forfeits on time}
1-0

[Event "ICC Open 2015"]
[Site "Internet Chess Club"]
[Date "2015.05.29"]
[Round "3"]
[White "Spirals"]
[Black "TanteDolli"]
[Result "1-0"]
[ICCResult "Black checkmated"]
[WhiteElo "2169"]
[BlackElo "1744"]
[Opening "Sicilian defense"]
[ECO "B30"]
[NIC "SI.31"]
[Time "14:27:43"]
[TimeControl "180+0"]

1. e4 c5 2. Nf3 Nc6 3. Nc3 d6 4. g3 e6 5. Bg2 Nf6 6. O-O Be7 7. d4 cxd4 8.
Nxd4 O-O 9. Nb3 Qc7 10. f4 a6 11. a4 Rb8 12. a5 b6 13. axb6 Qxb6+ 14. Kh1
Rd8 15. Qe2 Nb4 16. Be3 Qc7 17. Rfd1 Bb7 18. h3 h6 19. g4 d5 20. e5 Nd7 21.
Qf2 Rdc8 22. Nd4 Bc5 23. Nce2 Qb6 24. c3 Nc6 25. b4 Bxd4 26. Nxd4 Nxd4 27.
Bxd4 Qb5 28. f5 Bc6 29. Bf1 Qb7 30. Bxa6 Qc7 31. Bxc8 Rxc8 32. Qe3 Nf8 33.
Ra7 Qd8 34. Rf1 Qh4 35. Kh2 Nh7 36. Qg3 Qd8 37. fxe6 fxe6 38. Rff7 Ng5 39.
Rxg7+ Kh8 40. Qf4 Qf8 41. Qf6 Qxf6 42. exf6 Rf8 43. Rge7 Nf3+ 44. Kg3 Nxd4
45. Rh7+ Kg8 46. Rag7# {Black checkmated} 1-0

[Event "ICC Open 2015"]
[Site "Internet Chess Club"]
[Date "2015.05.29"]
[Round "3"]
[White "Merula"]
[Black "Hareaum"]
[Result "1-0"]
[ICCResult "Black checkmated"]
[WhiteElo "2226"]
[BlackElo "1792"]
[Opening "Levitsky attack (Queen's bishop attack)"]
[ECO "D00"]
[NIC "QP.08"]
[Time "14:27:29"]
[TimeControl "180+0"]

1. d4 d5 2. Bg5 Nc6 3. e3 Nf6 4. Bxf6 gxf6 5. c4 e6 6. Nc3 dxc4 7. Bxc4 Bd7
8. Qh5 Qe7 9. Nf3 O-O-O 10. O-O Kb8 11. a3 Na5 12. Qxa5 b6 13. Qh5 f5 14. b4
Bc6 15. Ne5 Be8 16. Qf3 f6 17. Nc6+ Bxc6 18. Qxc6 Rd6 19. Qf3 Bh6 20. Nb5
Rdd8 21. Qc6 Qd7 22. Qxe6 Qxe6 23. Bxe6 f4 24. Rfe1 Rhe8 25. d5 a6 26. Nd4
fxe3 27. Nc6+ Ka8 28. Nxd8 exf2+ 29. Kxf2 Rxd8 30. Rad1 Kb7 31. Re4 Bf8 32.
Rh4 h6 33. Rf4 Be7 34. Rd3 Rf8 35. Rh3 Bd6 36. Rff3 Be5 37. Rxh6 c6 38. h4
cxd5 39. Bxd5+ Kc7 40. h5 Kd6 41. Be4 a5 42. bxa5 bxa5 43. Rh7 Rb8 44. h6
Rb2+ 45. Ke1 Ra2 46. Rb7 Kc5 47. h7 Kd4 48. Bb1 Rxg2 49. h8=Q Rg1+ 50. Ke2
Rg2+ 51. Rf2 Rg4 52. Qd8+ Kc3 53. Qd3# {Black checkmated} 1-0

[Event "ICC Open 2015"]
[Site "Internet Chess Club"]
[Date "2015.05.29"]
[Round "3"]
[White "Nemesis23"]
[Black "Tasmaniandevil"]
[Result "0-1"]
[ICCResult "White forfeits on time"]
[WhiteElo "1727"]
[BlackElo "2104"]
[Opening "Scotch: Göring gambit"]
[ECO "C44"]
[NIC "SO.06"]
[Time "14:26:55"]
[TimeControl "180+0"]

1. e4 e5 2. Nf3 Nc6 3. d4 exd4 4. c3 Nf6 5. e5 Ne4 6. Qe2 f5 7. exf6 d5 8.
Nxd4 Nxd4 9. cxd4 Bb4+ 10. Bd2 Bxd2+ 11. Nxd2 O-O 12. Nxe4 dxe4 13. fxg7
Kxg7 14. O-O-O Qf6 15. Qc4 Bg4 16. Be2 Bxe2 17. Qxe2 Qxf2 18. Qxe4 Rae8 19.
Qg4+ Kh8 20. Rd2 Re1+ 21. Rxe1 Qxe1+ 22. Qd1 Qe3 23. Kb1 Rf6 24. d5 Rg6 25.
Re2 Qf4 26. g3 Qf5+ 27. Ka1 Rd6 28. Qd4+ Kg8 29. Rd2 c6 30. a3 Rxd5 31. Qc4
Kg7 32. Rxd5 cxd5 33. Qc7+ Kf6 34. Qxb7 Qe4 35. Qxa7 d4 36. Qb6+ Kf5 37.
Qc5+ Kg4 38. Qc1 Kf3 39. Qd1+ Ke3 40. a4 d3 41. Qe1+ Kd4 42. Qd1 Qe2
{White forfeits on time}
0-1

[Event "ICC Open 2015"]
[Site "Internet Chess Club"]
[Date "2015.05.29"]
[Round "3"]
[White "YaacovN"]
[Black "Federicov"]
[Result "1/2-1/2"]
[ICCResult "Game drawn because neither player has mating material"]
[WhiteElo "2701"]
[BlackElo "3198"]
[Opening "King's Indian: fianchetto with ...Nc6"]
[ECO "E62"]
[NIC "KI.72"]
[Time "14:27:00"]
[TimeControl "180+0"]

1. d4 Nf6 2. Nf3 g6 3. c4 Bg7 4. Nc3 O-O 5. g3 d6 6. Bg2 Nc6 7. O-O Rb8 8.
b3 a6 9. Bb2 e6 10. Rc1 Bd7 11. Qd2 Ne7 12. e4 b5 13. e5 Ne8 14. cxb5 axb5
15. Ne4 Nd5 16. h4 b4 17. h5 Bb5 18. Rfe1 Ra8 19. h6 Bh8 20. Ba1 Ra7 21. Bf1
Bxf1 22. Rxf1 Qa8 23. Rc2 Ne7 24. Re1 Nf5 25. g4 Ne7 26. Nfg5 Qd5 27. Qf4
Ra5 28. Rec1 dxe5 29. dxe5 Bxe5 30. Bxe5 Qxe5 31. Qxe5 Rxe5 32. f4 Ra5 33.
Rxc7 Nd5 34. Rc8 Ra7 35. Rb8 Re7 36. Rcc8 f5 37. Nd6 Ndf6 38. Nxe8 Rfxe8 39.
Rxe8+ Rxe8 40. Rxe8+ Nxe8 41. gxf5 exf5 42. Kf2 Nc7 43. Nh3 Nd5 44. Ke2 Nc3+
45. Kd3 Nxa2 46. Kc4 Kf7 47. Ng5+ Kg8 48. Ne6 Nc3 49. Kxb4 Nd5+ 50. Kc5 Nf6
51. b4 Kf7 52. Ng5+ Ke7 53. Kc6 Nh5 54. b5 Nxf4 55. b6 Nd3 56. b7 Ne5+ 57.
Kc7 Nd7 58. Nxh7 Nc5 59. Ng5 Kf6 60. h7 Kg7 61. b8=Q Na6+ 62. Kc8 Nxb8 63.
Kxb8 f4 64. Kc7 f3 65. Nxf3 Kxh7 66. Kd6 Kh6 67. Ke5 Kg7 68. Kf4 Kf7 69. Kg4
Kg7 70. Ng5 Kf6 71. Ne4+ Kg7 72. Kf4 Kf7 73. Ng5+ Kg7 74. Nf3 Kf6 75. Kg4
Kg7 76. Kg5 Kf7 77. Nh4 Kg7 78. Nxg6
{Game drawn because neither player has mating material}
1/2-1/2

[Event "ICC Open 2015"]
[Site "Internet Chess Club"]
[Date "2015.05.29"]
[Round "3"]
[White "past"]
[Black "Palchinsky01"]
[Result "1-0"]
[ICCResult "Black forfeits on time"]
[WhiteElo "1820"]
[BlackElo "1449"]
[Opening "Benoni defense"]
[ECO "A56"]
[NIC "OI.06"]
[Time "14:26:46"]
[TimeControl "180+0"]

1. d4 Nf6 2. c4 c5 3. e3 cxd4 4. exd4 e6 5. Nc3 b6 6. Nf3 Bb7 7. Be2 a6 8.
Bg5 d6 9. O-O Nbd7 10. b3 Be7 11. a4 Rc8 12. Rc1 Qc7 13. Bf4 Qb8 14. h3 Qa8
15. Ra1 O-O 16. Qd2 Rfd8 17. Ne1 Ne4 18. Nxe4 Bxe4 19. Bf3 Nf6 20. Qe3 d5
21. Bg5 h6 22. Bh4 Rd7 23. Rc1 Bxf3 24. Nxf3 dxc4 25. bxc4 Qe4 26. Bxf6 Qxe3
27. fxe3 Bxf6 28. Nd2 Rdc7 29. Kf2 e5 30. d5 b5 31. axb5 axb5 32. Ne4 Rxc4
33. Nxf6+ gxf6 34. Rb1 R8c5 35. Rfd1 Kf8 36. d6 Ke8 37. d7+ Kd8 38. Ra1 Rc2+
39. Kf3 e4+ 40. Kxe4 Re5+ 41. Kd3 Rc7 42. Ke2 Rxd7 43. Ra8+ Ke7 44. Rb1 f5
45. Rb8 Rdd5 46. Kf3 Kf6 47. Rb6+ Kg5 48. h4+ Kh5 49. g3 Re4 50. R6xb5 Rd3
51. Rxf5+ Kg6 52. Rf4 Rexe3+ 53. Kf2 Rxg3 54. Rb6+ Kg7 55. h5 Rh3 56. Rb5
Rd2+ 57. Ke1 Rh1+ 58. Kxd2 Rh2+ 59. Ke3 Rh3+ 60. Ke4 Rxh5 61. Rg4+ Rg5 62.
Rbxg5+ {Black forfeits on time} 1-0